 Dungeon Crawl Stone Soup version 0.30-a0-782-ge64f9170bb (webtiles) character file.

Game seed: 7768842081564836707

520 Crownlay the Digger (level 7, -1/36 HPs)
             Began as a Gargoyle Earth Elementalist on Feb 28, 2023.
             Killed by divine providence
             ... invoked by an orc priest
              (12 damage)
             ... on level 5 of the Dungeon.
             The game lasted 00:03:01 (4143 turns).

Crownlay the Digger (Gargoyle Earth Elementalist)   Turns: 4143, Time: 00:03:01

Health: -1/36      AC: 12    Str: 11    XL:     7   Next: 21%
Magic:  12/15      EV: 11    Int: 18    God:
Gold:   240        SH:  0    Dex: 10    Spells: 13/17 levels left

rFire   . . .      SeeInvis .    (no weapon)
rCold   . . .      Faith    .    (no shield)
rNeg    + . .      Spirit   .    a - +0 robe
rPois   ∞          Reflect  .    (no helmet)
rElec   +          Harm     .    (no cloak)
rCorr   .          Rampage  .    v - +2 pair of gloves
Will    .....                    j - +2 pair of boots
Stlth   ++                       (no amulet)
HPRegen 0.26/turn                (no ring)
MPRegen 0.14/turn                (no ring)

@: no status effects
A: sickness immunity, AC +4, negative energy resistance 1, electricity
resistance, torment resistance 1, petrification resistance
a: no special abilities


You were on level 5 of the Dungeon.
You visited 1 branch of the dungeon, and saw 5 of its levels.

You collected 240 gold pieces.

Inventory:

Armour
 a - a +0 robe (worn)
 j - a +2 pair of boots (worn)
 v - a +2 pair of gloves (worn)
Scrolls
 c - a scroll of teleportation
 d - a scroll of brand weapon
 f - a scroll of silence {unknown}
 l - 2 scrolls of enchant weapon
 m - a scroll of vulnerability {unknown}
 n - 2 scrolls of magic mapping
 p - a scroll of blinking {unknown}
 q - 2 scrolls of amnesia
 r - 2 scrolls of fog
 w - a scroll of identify
Potions
 b - 2 potions of magic
 e - 3 potions of haste {unknown}
 g - a potion of flight {unknown}
 h - a potion of lignification {unknown}
 i - 5 potions of curing {unknown}
 k - 2 potions of invisibility {unknown}
 o - 2 potions of brilliance {unknown}
 s - a potion of heal wounds {unknown}
 t - a potion of mutation {unknown}
 u - a potion of attraction {unknown}


   Skills:
 - Level 1.5 Dodging
 - Level 2.1 Stealth
 * Level 5.9 Spellcasting
 - Level 0.7 Transmutations
 + Level 6.2 Earth Magic


You had 13 spell levels left.
You knew the following spells:

 Your Spells              Type           Power      Damage    Failure   Level
a - Sandblast             Erth           54%        2d13      1%          1
b - Stone Arrow           Conj/Erth      32%        3d9       10%         3

Your spell library contained the following spells:

 Spells                   Type           Power      Damage    Failure   Level
 Passwall                 Tmut/Erth      14%        N/A       4%          2
 Beastly Appendage        Tmut           14%        N/A       9%          1
 Wereblood                Tmut           7%         N/A       14%         2
 Petrify                  Tmut/Erth      17%        N/A       28%         4
 Spider Form              Tmut/Pois      6%         N/A       30%         3
 Dazzling Flash           Conj/Hex       10%        N/A       36%         3
 Agony                    Necr           5%         N/A       98%         5
 Silence                  Hex/Air        2%         N/A       98%         5


Dungeon Overview and Level Annotations

Branches:
Dungeon (5/15)
 Temple: D:4-7

Altars:
Uskayaw


Innate Abilities, Weirdness & Mutations

You are immune to sickness and miasma.
Your stone body is resilient. (AC +4)
You are immune to poison.
You resist negative energy. (rN+)
You are resistant to electric shocks. (rElec)
You are resistant to unholy torment.
You are immune to petrification.


Message History

You kill the iguana!
You can't see any susceptible monsters within range! (Use Z to cast anyway.)
You can't see any susceptible monsters within range! (Use Z to cast anyway.)
You see here an iguana corpse.
w - a scroll of identify You now have 240 gold pieces (gained 8).
An orc priest comes into view. It is wielding a +0 mace.
An orc priest is nearby!
An orc priest is nearby!
An orc priest is nearby!
An orc wizard comes into view. It is wielding a +0 dagger.
The orc wizard shouts!
You hear a shout!
An orc warrior comes into view. It is wielding a +0 glaive.
The blast of sand hits the orc priest!
The orc priest is severely wounded.
An orc priest comes into view. It is wielding a +1 dagger of draining.
The orc priest shouts!
The blast of sand hits the orc priest!
You kill the orc priest!
An orc wizard comes into view. It is wielding a +0 dagger of venom.
The blast of sand hits the orc wizard!
You kill the orc wizard!
The blast of sand hits the orc warrior.
The orc warrior is lightly wounded.
The orc priest calls down the wrath of Beogh upon you.
Pain shoots through your body!
The orc warrior hits you from afar with a +0 glaive!
The orc warrior closely misses you.
The orc priest mumbles some strange prayers to Beogh against you.
Beogh smites you!
* * * LOW HITPOINT WARNING * * *
You are too injured to fight recklessly!
You are too injured to fight recklessly!
You are too injured to fight recklessly!
The orc wizard mumbles some strange words.
The orc wizard flickers and vanishes!
Deactivating autopickup; reactivate with Ctrl-A.
The orc priest calls down the wrath of Beogh upon you.
Beogh smites you!
You die...

######### #.......#
#.......########
###..............##..
..............o{.....
#.............)...# #
#.......@..o.......
...###..##..........#
#.. ##.##........### #..
#.##.......##
#.##.##.......#
....######.............#
...........#.#..........
....######.............≈
#.[.# ###†..###.#


You could see an orc warrior and an orc priest.

Vanquished Creatures
  An ogre (D:5)
  A scorpion (D:4)
  3 hounds
  An orc priest (D:5)
  4 iguanas
  An orc wizard (D:5)
  A gnoll (D:1)
  4 adders (D:4)
  An ufetubus (D:5)
  A dart slug (D:4)
  9 ball pythons
  6 bats
  7 endoplasms
  3 giant cockroaches
  9 goblins
  11 hobgoblins
  4 frilled lizards
  9 kobolds
  2 rats (D:1)
78 creatures vanquished.

Vanquished Creatures (others)
  6 fungi (D:1)
  A plant (D:1)
7 creatures vanquished.

Grand Total: 85 creatures vanquished

Notes
Turn   | Place    | Note
-------+----------+-------------------------------------------
     0 | D:1      | Crownlay the Gargoyle Earth Elementalist began the quest
                  | for the Orb.
     0 | D:1      | Reached XP level 1. HP: 10/10 MP: 3/3
   109 | D:1      | Reached XP level 2. HP: 15/15 MP: 3/5
   248 | D:1      | Reached skill level 4 in Earth Magic
   416 | D:1      | Reached XP level 3. HP: 19/19 MP: 5/7
  1169 | D:1      | Found a faded altar of an unknown god.
  2013 | D:2      | Reached XP level 4. HP: 24/24 MP: 7/9
  2944 | D:4      | Noticed a scorpion
  2951 | D:4      | Killed a scorpion
  2952 | D:4      | Reached skill level 5 in Earth Magic
  2952 | D:4      | Reached XP level 5. HP: 25/28 MP: 3/11
  3279 | D:4      | Reached XP level 6. HP: 22/32 MP: 7/13
  3388 | D:4      | Learned a level 3 spell: Stone Arrow
  3710 | D:4      | Reached skill level 5 in Spellcasting
  3729 | D:4      | Found a hide-covered altar of Uskayaw.
  3903 | D:5      | Entered Level 5 of the Dungeon
  4044 | D:5      | Reached skill level 6 in Earth Magic
  4044 | D:5      | Reached XP level 7. HP: 32/36 MP: 12/15
  4143 | D:5      | Killed from afar by an orc priest

Illustrated notes

Levels and vault maps discovered:
D:1:      erik_arrival_orb_chamber, layout_loops_corners,
          shapermc_ecumenical_altar_hornbeckon, minmay_indecisive_spiral
D:2:      layout_basic
D:3:      layout_basic, dk_noncrumbling_4
D:4:      layout_loops_ring, marbit_many_paths, kennysheep_generic_room_4
D:5:      layout_rooms, kennysheep_mini_moat,
          gammafunk_temple_overflow_elements,
          minmay_temple_entry_statues_fountains, minmay_circle_x

Skill      XL: |  1  2  3  4  5  6 |
---------------+-------------------+-----
Earth Magic    | 4 5 6 |  6.2
Spellcasting   | 3 4 5 |  5.9
Dodging        | |  1.5
Stealth        | |  2.1
Transmutations | |  0.7

Action                     |  1- 3 |  4- 6 |  7- 9 || total
---------------------------+-------+-------+-------++-------
  Melee: Unarmed           |    41 |     2 |     1 ||    44
   Cast: Sandblast         |    57 |    61 |    10 ||   128
    Use: Scroll            |     3 |     3 |       ||     6
   Stab: Sleeping          |       |     1 |       ||     1
 Armour: Robe              |    37 |     9 |     5 ||    51
  Dodge: Dodged            |    51 |    10 |     6 ||    67

Table legend: (Time is in decaauts)
 A = Elapsed time spent in this place.
 B = Non-inter-level travel time spent in this place.
 C = Inter-level travel time spent in this place.
 D = Time resting spent in this place.
 E = Time spent auto-exploring this place.
 F = Levels seen in this place.
 G = Mean time per level.
                   A        B        C        D        E       F      G
               +--------+--------+--------+--------+--------+-----+--------+
         Total |   4209 |   4124 |     85 |      0 |   3624 |   5 |  841.8 |
       Dungeon |   4209 |   4124 |     85 |      0 |   3624 |   5 |  841.8 |
               +--------+--------+--------+--------+--------+-----+--------+

Top non-repeatable levels by time:
     D:1: 1295 daAuts
     D:4: 1099 daAuts
     D:2: 990 daAuts
     D:3: 575 daAuts
     D:5: 249 daAuts
